 Dungeon Crawl Stone Soup version 0.29.1-12-g30fa7ad0bf (webtiles) character file.

Game seed: 17500445785926763306

4259 wormed the Nimble (level 10, 0/82 HPs)
             Began as a Gnoll Monk on Dec 28, 2022.
             Was a Priest of Okawaru.
             Slain by a hornet (6 damage)
             ... on level 9 of the Dungeon.
             The game lasted 00:16:34 (10456 turns).

wormed the Nimble (Gnoll Monk)                     Turns: 10456, Time: 00:16:39

Health: 0/82       AC:  6    Str:  7    XL:     10   Next: 31%
Magic:  18/18      EV: 16    Int: 10    God:    Okawaru [***...]
Gold:   361        SH:  0    Dex: 18    Spells: 15/19 levels left

rFire   + + .      SeeInvis .   H - +4 long sword (freeze)
rCold   . . .      Faith    .   (no shield)
rNeg    . . .      Spirit   .   C - +0 leather armour
rPois   .          Reflect  .   k - +0 helmet
rElec   +          Harm     .   a - +0 cloak
rCorr   +          Rampage  .   (no gloves)
Will    .....                   (no boots)
Stlth   ++++......              (no amulet)
HPRegen 0.23/turn               b - ring "Echeme Xanoi" {Wiz rElec rCorr}
MPRegen 0.16/turn               I - ring of Tudagergh {rF++ rCorr Str-4 Slay+5 Stlth+}

@: slowed, very slow
A: fangs 1, strong nose, distributed training
a: Renounce Religion, Heroism


You were on level 9 of the Dungeon.
You worshipped Okawaru.
Okawaru was most pleased with you.
You visited 2 branches of the dungeon, and saw 10 of its levels.

You collected 361 gold pieces.

Inventory:

Hand Weapons
 H - a +4 long sword of freezing (weapon)
 M - a +1 short sword of electrocution
Missiles
 y - 12 poisoned darts
 A - 2 javelins
 G - 2 curare-tipped darts
Armour
 a - a +0 cloak (worn)
 k - a +0 helmet (worn)
 C - a +0 leather armour (worn)
Jewellery
 b - the ring "Echeme Xanoi" (left hand) {Wiz rElec rCorr}
   (You acquired it on level 4 of the Dungeon)

   [ring of wizardry]

   It improves your spell success rate.
   rElec:     It insulates you from electricity.
   rCorr:     It protects you from acid and corrosion.
 h - an amulet of guardian spirit
 s - a ring of magical power
 t - an amulet of magic regeneration
 v - a +4 ring of slaying
 I - the ring of Tudagergh (right hand) {rF++ rCorr Str-4 Slay+5 Stlth+}
   (You took it off an orc warrior on level 7 of the Dungeon)

   [ring of resist corrosion]

   Str:       It affects your strength (-4).
   Slay:      It affects your accuracy & damage with ranged weapons and melee
   (+5).
   rF:        It greatly protects you from fire.
   rCorr:     It protects you from acid and corrosion.
   Stlth:     It makes you more stealthy.
 J - a +4 ring of evasion
Wands
 u - a wand of flame (15)
 E - a wand of mindburst (2) (quivered)
 L - a wand of polymorph (15)
Scrolls
 f - a scroll of enchant armour {unknown}
 i - 2 scrolls of blinking {unknown}
 l - a scroll of magic mapping {unknown}
 m - a scroll of torment {unknown}
 n - 3 scrolls of butterflies {unknown}
 o - 3 scrolls of immolation {unknown}
 p - 2 scrolls of silence {unknown}
 q - a scroll of enchant weapon {unknown}
 r - 4 scrolls of fear
 w - a scroll of brand weapon {unknown}
 D - a scroll of vulnerability {unknown}
 F - 5 scrolls of teleportation
 K - 3 scrolls of identify
Potions
 c - a potion of degeneration
 d - 3 potions of brilliance
 e - a potion of might
 g - 3 potions of attraction
 j - 2 potions of curing
 x - a potion of haste
 z - a potion of magic
 B - 3 potions of lignification
 N - a potion of flight {unknown}


   Skills:
 + Level 8.5 Fighting
 + Level 5.3 Short Blades
 + Level 8.5 Long Blades
 + Level 5.3 Axes
 + Level 5.3 Maces & Flails
 + Level 5.3 Polearms
 + Level 5.3 Staves
 + Level 5.3 Ranged Weapons
 + Level 5.3 Throwing
 + Level 5.3 Armour
 + Level 8.5 Dodging
 + Level 6.9 Stealth
 + Level 5.3 Shields
 + Level 5.3 Unarmed Combat
 + Level 5.3 Spellcasting
 + Level 4.4 Conjurations
 + Level 4.4 Hexes
 + Level 4.4 Summonings
 + Level 4.4 Necromancy
 + Level 4.4 Translocations
 + Level 4.4 Transmutations
 + Level 4.4 Fire Magic
 + Level 4.4 Ice Magic
 + Level 4.4 Air Magic
 + Level 4.4 Earth Magic
 + Level 4.4 Poison Magic
 + Level 5.9 Invocations
 + Level 5.3 Evocations


You had 15 spell levels left.
You knew the following spells:

 Your Spells              Type           Power      Damage    Failure   Level
a - Blink                 Tloc           22%        N/A       3%          2
b - Ensorcelled Hibernat  Hex/Ice        22%        N/A       3%          2

Your spell library contained the following spells:

 Spells                   Type           Power      Damage    Failure   Level
 Dazzling Flash           Conj/Hex       22%        N/A       6%          3
 Lesser Beckoning         Tloc           11%        N/A       6%          3
 Spider Form              Tmut/Pois      11%        N/A       6%          3
 Anguish                  Hex/Necr       5%         N/A       21%         4
 Cause Fear               Hex            5%         N/A       21%         4
 Agony                    Necr           11%        N/A       45%         5
 Manifold Assault         Tloc           11%        N/A       45%         5
 Silence                  Hex/Air        5%         N/A       45%         5
 Dragon Form              Tmut           5%         N/A       100%        7
 Orb of Destruction       Conj           5%         9d5       100%        7
 Summon Guardian Golem    Hex/Summ       Unusable   N/A       N/A         3
 Spellforged Servitor     Conj/Summ      Unusable   N/A       N/A         7
 Dragon's Call            Summ           Unusable   N/A       N/A         9

Dungeon Overview and Level Annotations

Branches:
Dungeon (9/15)             Temple (1/1) D:6
   Lair: D:8-11         Orc: D:9-12

Altars:
Dithmenos
Gozag
Makhleb
Okawaru
Qazlal
Sif Muna
Wu Jian
Xom
Zin


Innate Abilities, Weirdness & Mutations

You have very sharp teeth.
Your uncanny sense of smell can sniff out nearby items.
Your experience applies equally to all skills.


Message History

The howler monkey closely misses you.
You slice the howler monkey!! You freeze the howler monkey.
You kill the howler monkey!
Okawaru accepts your kill. The gnoll completely misses you.
The gnoll misses you. The gnoll hits you with a +0 spear.
The gnoll hits you but does no damage.
The gnoll hits you from afar with a +0 spear.
Things that are here:
a +0 flail; a gnoll corpse You slash the gnoll!
You freeze the gnoll.
The gnoll is almost dead.
The gnoll hits you with a +0 spear. The gnoll hits you with a +0 spear!
The gnoll hits you from afar with a +0 spear.
You hit the gnoll. You freeze the gnoll.
You kill the gnoll!
Okawaru accepts your kill. The gnoll completely misses you.
The gnoll hits you from afar with a +0 spear.
The hornet stings you.
You feel yourself slow down.
You slash the hornet! You freeze the hornet.
The hornet is moderately wounded.
The hornet misses you. The gnoll hits you with a +0 spear.
The gnoll hits you from afar with a +0 spear.
The hornet stings you.
You feel as though you will be slow longer.
The gnoll hits you with a +0 spear. The gnoll misses you.
The hornet attacks as you move away! The hornet misses you.
The gnoll attacks as you move away! The gnoll hits you with a +0 spear.
* * * LOW HITPOINT WARNING * * *
The gnoll hits you from afar with a +0 spear.
* * * LOW HITPOINT WARNING * * *
The hornet closely misses you.
You feel better. The hornet stings you!
* * * LOW HITPOINT WARNING * * *
You feel as though you will be slow longer.
The gnoll closely misses you. The hornet barely misses you.
The gnoll hits you from afar with a +0 spear.
* * * LOW HITPOINT WARNING * * *
The hornet stings you.
You die...

#.........#
#.........#
#.........#
#.........# ∆
........ ..... #cg#
.# ###y### #.#
#..)@.### ..
#.....'.# ###.######
#.....#.####........#
#.....#...##.)......#
#.....###.##........#
#.....# #...........#
#.....# ####........#
#.....# #.........
#..... #.<......#


You could see a hornet, a centaur and a gnoll.

Vanquished Creatures
  2 kobold demonologists (D:6)
  Sigmund (D:3)
  A wyvern (D:8)
  A steam dragon (D:7)
  2 water moccasins
  3 ogres
  2 ice beasts
  2 orc warriors (D:7)
  2 sky beasts
  2 black bears
  A centaur (D:8)
  A phantom (D:5)
  4 kobold brigands
  3 bullfrogs
  A necrophage (D:5)
  3 scorpions
  5 wights
  2 howler monkeys
  An orc priest (D:6)
  4 gnoll boudas
  2 jellies
  8 hounds
  2 iguanas
  4 orc wizards
  19 gnolls
  6 adders
  A shadow imp (D:7)
  2 ufetubi
  3 worms
  12 orcs
  7 endoplasms
  A giant cockroach (D:2)
  4 goblins
  7 hobgoblins
  3 quokkas
  5 ball pythons
  6 bats
  3 frilled lizards
  13 kobolds
  4 rats
155 creatures vanquished.

Vanquished Creatures (others)
  4 fungi (D:5)
4 creatures vanquished.

Grand Total: 159 creatures vanquished

Notes
Turn   | Place    | Note
-------+----------+-------------------------------------------
     0 | D:1      | wormed the Gnoll Monk began the quest for the Orb.
     0 | D:1      | Reached XP level 1. HP: 23/23 MP: 1/1
   214 | D:1      | Reached XP level 2. HP: 29/29 MP: 2/2
   583 | D:1      | Found a faded altar of an unknown god.
   812 | D:2      | Reached XP level 3. HP: 35/35 MP: 3/3
  1068 | D:2      | Reached skill level 1 in Invocations
  1403 | D:3      | Found a shimmering altar of Xom.
  1615 | D:3      | Reached skill level 1 in Short Blades
  1615 | D:3      | Reached skill level 1 in Axes
  1615 | D:3      | Reached skill level 1 in Maces & Flails
  1615 | D:3      | Reached skill level 1 in Polearms
  1615 | D:3      | Reached skill level 1 in Staves
  1615 | D:3      | Reached skill level 1 in Ranged Weapons
  1615 | D:3      | Reached skill level 1 in Throwing
  1615 | D:3      | Reached skill level 1 in Armour
  1615 | D:3      | Reached skill level 1 in Shields
  1615 | D:3      | Reached skill level 1 in Unarmed Combat
  1615 | D:3      | Reached skill level 1 in Spellcasting
  1615 | D:3      | Reached skill level 1 in Evocations
  1658 | D:3      | Reached XP level 4. HP: 33/41 MP: 5/5
  1765 | D:3      | Reached skill level 1 in Conjurations
  1765 | D:3      | Reached skill level 1 in Hexes
  1765 | D:3      | Reached skill level 1 in Summonings
  1765 | D:3      | Reached skill level 1 in Necromancy
  1765 | D:3      | Reached skill level 1 in Translocations
  1765 | D:3      | Reached skill level 1 in Transmutations
  1765 | D:3      | Reached skill level 1 in Fire Magic
  1765 | D:3      | Reached skill level 1 in Ice Magic
  1765 | D:3      | Reached skill level 1 in Air Magic
  1765 | D:3      | Reached skill level 1 in Earth Magic
  1765 | D:3      | Reached skill level 1 in Poison Magic
  1877 | D:3      | Noticed Sigmund
  1894 | D:3      | Killed Sigmund
  1895 | D:3      | Reached XP level 5. HP: 16/47 MP: 5/7
  1895 | D:3      | Reached XP level 6. HP: 18/53 MP: 5/8
  2600 | D:4      | Noticed a black bear
  2615 | D:4      | Killed a black bear
  2909 | D:4      | Reached XP level 7. HP: 59/60 MP: 10/10
  3021 | D:4      | Found a stormy altar of Qazlal.
  3517 | D:4      | Identified a scroll of acquirement
  3518 | D:4      | Acquired the ring "Echeme Xanoi" {Wiz rElec rCorr}
  3532 | D:5      | Entered Level 5 of the Dungeon
  3603 | D:4      | Reached skill level 5 in Stealth
  4054 | D:5      | Reached XP level 8. HP: 53/67 MP: 12/12
  5196 | D:5      | Learned a level 2 spell: Blink
  5847 | D:6      | Noticed a kobold demonologist
  5849 | D:6      | Killed a kobold demonologist
  5850 | D:6      | Reached XP level 9. HP: 63/73 MP: 13/15
  5850 | D:6      | Noticed a kobold demonologist
  5852 | D:6      | Found a staircase to the Ecumenical Temple.
  5864 | D:6      | Killed a kobold demonologist
  5990 | Temple   | Entered the Ecumenical Temple
  6228 | Temple   | Became a worshipper of Warmaster Okawaru
  6228 | Temple   | Reached * piety under Okawaru
  6228 | Temple   | Reached ** piety under Okawaru
  7153 | D:6      | Reached skill level 5 in Invocations
  7961 | D:7      | Reached *** piety under Okawaru
  8061 | D:7      | Reached skill level 5 in Short Blades
  8061 | D:7      | Reached skill level 5 in Axes
  8061 | D:7      | Reached skill level 5 in Maces & Flails
  8061 | D:7      | Reached skill level 5 in Polearms
  8061 | D:7      | Reached skill level 5 in Staves
  8061 | D:7      | Reached skill level 5 in Ranged Weapons
  8061 | D:7      | Reached skill level 5 in Throwing
  8061 | D:7      | Reached skill level 5 in Armour
  8061 | D:7      | Reached skill level 5 in Shields
  8061 | D:7      | Reached skill level 5 in Unarmed Combat
  8061 | D:7      | Reached skill level 5 in Spellcasting
  8061 | D:7      | Reached skill level 5 in Evocations
  8061 | D:7      | Reached XP level 10. HP: 81/81 MP: 17/17
  8064 | D:7      | Identified the ring of Tudagergh {rF++ rCorr Str-4 Slay+5
                  | Stlth+}
  9939 | D:8      | Learned a level 2 spell: Ensorcelled Hibernation
 10456 | D:9      | Slain by a hornet

Illustrated notes

Levels and vault maps discovered:
D:1:      dpeg_arrival_rhombi, layout_rooms,
          hellmonk_ecumenical_altar_leap_of_faith, hangedman_feature_mirror
D:2:      layout_basic
D:3:      layout_basic, mainiacjoe_overflow_brackets, grunt_decor_arrowhead,
          uniq_sigmund
D:4:      layout_loops_corners, nicolae_qazlal_general_emergency
D:5:      layout_cave_pools, serial_column_ruins, column_ruins_grid_3,
          column_ruins_corridor_T, column_ruins_open_tiny, column_ruins_grid_3,
          dreamdust_mushroom_princess, nicolae_figureground_pulse
D:6:      layout_layer_cave, minmay_temple_entry_trees, serial_glass,
          glass_columns_a, glass_columns_b
D:7:      layout_basic
D:8:      layout_basic
D:9:      layout_roguey, david_lair_generic, uniq_pikel
Temple:   mainiacjoe_temple_cubbyholes

Skill      XL: |  1  2  3  4  5  6  7  8  9 |
---------------+----------------------------+-----
Invocations    | 1 2 3 4 5 |  5.9
Short Blades   | 1 2 3 4 5 |  5.3
Axes           | 1 2 3 4 5 |  5.3
Maces & Flails | 1 2 3 4 5 |  5.3
Polearms       | 1 2 3 4 5 |  5.3
Staves         | 1 2 3 4 5 |  5.3
Ranged Weapons | 1 2 3 4 5 |  5.3
Throwing       | 1 2 3 4 5 |  5.3
Armour         | 1 2 3 4 5 |  5.3
Shields        | 1 2 3 4 5 |  5.3
Unarmed Combat | 1 2 3 4 5 |  5.3
Spellcasting   | 1 2 3 4 5 |  5.3
Evocations     | 1 2 3 4 5 |  5.3
Conjurations   | 1 2 3 4 |  4.4
Hexes          | 1 2 3 4 |  4.4
Summonings     | 1 2 3 4 |  4.4
Necromancy     | 1 2 3 4 |  4.4
Translocations | 1 2 3 4 |  4.4
Transmutations | 1 2 3 4 |  4.4
Fire Magic     | 1 2 3 4 |  4.4
Ice Magic      | 1 2 3 4 |  4.4
Air Magic      | 1 2 3 4 |  4.4
Earth Magic    | 1 2 3 4 |  4.4
Poison Magic   | 1 2 3 4 |  4.4
Fighting       | 7 8 |  8.5
Long Blades    | 7 8 |  8.5
Dodging        | 7 8 |  8.5
Stealth        | 5 6 |  6.9

Action                   |  1- 3 |  4- 6 |  7- 9 | 10-12 || total
-------------------------+-------+-------+-------+-------++-------
Melee: Falchion          |    50 |       |       |       ||    50
       Bite              |    11 |     6 |    29 |     5 ||    51
       Dagger            |    67 |    65 |   211 |       ||   343
       Punch             |       |     3 |    12 |     2 ||    17
       Long sword        |       |       |    52 |    67 ||   119
Throw: Dart              |       |     4 |     8 |       ||    12
       Throwing net      |       |       |     1 |       ||     1
       Javelin           |       |       |     2 |       ||     2
Evoke: Wand              |       |       |     5 |       ||     5
  Use: Potion            |     1 |     1 |     1 |     1 ||     4
       Scroll            |       |       |    12 |       ||    12
 Stab: Sleeping          |    11 |     6 |     7 |     3 ||    27
Armor: Robe              |    14 |     8 |       |       ||    22
       Leather armour    |       |       |    26 |    12 ||    38
Dodge: Dodged            |    82 |    42 |   171 |    61 ||   356
